Map: Dusk Towers

Players

LilDicky - Winner!

  • Race: Terran Terran
  • League: Diamond

GLHF

  • Race: Protoss Protoss
  • League: Diamond

VOD

http://www.twitch.tv/tumescentpie

Description

Time

  • Played on: Nov. 21, 2015, 9:41 p.m.
  • Length: 6:12
Show
View Real Time Build Order
Export as new Build Order

LilDicky Terran - Winner!

Build Orders: MMM Bio 

Get SALT Encoding   

  12  0:01  SCV  
  13  0:13  SCV  
  14  0:22  Supply Depot  
  14  0:26  Refinery  
  14  0:27  SCV  
  15  0:44  SCV  
  15  0:47  Barracks  
  16  1:03  SCV  
  17  1:15  SCV  
  18  1:34  Marine  
  18  1:35  Orbital Command  
  18  1:37  Supply Depot  
  19  1:40  Factory  
  19  1:52  Marine  
  20  2:02  SCV, Barracks  
  20  2:08  Barracks  
  21  2:16  SCV  
  21  2:21  Barracks Reactor  
  22  2:24  Supply Depot  
  22  2:33  SCV  
  22  2:36  Refinery  
  23  2:40  Widow Mine  
  25  2:45  SCV  
  26  2:55  Barracks Tech Lab  
  26  2:56  Barracks Tech Lab  
  26  2:57  SCV  
  27  3:00  Marine x2  
  29  3:09  SCV, Widow Mine  
  31  3:21  SCV, Marine  
  31  3:24  Combat Shields  
  31  3:25  Stimpack, Marine  
  31  3:26  Marine  
  35  3:33  SCV  
  36  3:38  Supply Depot  
  36  3:41  Marine  
  37  3:56  Marine  
  37  3:57  Marauder  
  39  4:04  Marauder  
  39  4:08  SCV  
  41  4:10  Starport  
  41  4:14  Supply Depot  
  41  4:23  Marauder, Marine  
  44  4:29  Marine  
  44  4:30  Marauder  
  45  4:38  SCV  
  45  4:45  Marine x2  
  48  4:46  Concussive Shells  
  48  4:47  Medivac  
  48  4:50  SCV  
  51  4:55  Marine x2  
  53  5:02  SCV  
  53  5:06  Marine  
  53  5:07  Marauder  
  57  5:13  Marauder  
  57  5:14  Marine  
  57  5:24  Marine  
  55  5:44  Marine x2  
  55  5:45  Marauder x2  
  63  6:10  Supply Depot  
Show
View Real Time Build Order
Export as new Build Order

GLHF Protoss 

Build Orders: 1 Gate Expand 

Get SALT Encoding   

  12  0:01  Probe (Chrono Boost)  
  13  0:11  Probe (Chrono Boost)  
  14  0:19  Pylon  
  14  0:22  Probe (Chrono Boost)  
  15  0:38  Probe (Chrono Boost)  
  15  0:39  Gateway  
  16  0:48  Probe (Chrono Boost)  
  16  0:49  Assimilator  
  17  1:01  Probe (Chrono Boost)  
  18  1:19  Nexus  
  18  1:29  Cybernetics Core  
  18  1:32  Probe (Chrono Boost)  
  19  1:43  Probe (Chrono Boost)  
  20  1:49  Pylon  
  20  1:53  Probe (Chrono Boost)  
  21  1:58  Assimilator  
  21  2:05  Warp Gate  
  23  2:09  Mothership Core (Chrono Boost)  
  23  2:26  Stalker  
  23  2:27  Probe (Chrono Boost)  
  26  2:36  Probe (Chrono Boost)  
  27  2:37  Probe (Chrono Boost)  
  28  2:44  Gateway  
  28  2:47  Probe (Chrono Boost)  
  28  2:48  Probe (Chrono Boost)  
  30  2:55  Gateway  
  30  2:57  Probe (Chrono Boost)  
  31  2:59  Probe (Chrono Boost)  
  32  3:08  Probe (Chrono Boost)  
  26  3:22  Probe x2 (Chrono Boost)  
  26  3:26  Stalker  
  30  3:30  Robotics Facility  
  30  4:02  Pylon  
  30  4:06  Probe (Chrono Boost)  
  30  4:09  Assimilator  
  31  4:10  Assimilator  
  31  4:29  Observer (Chrono Boost)  
  31  4:30  Probe  
  33  4:37  Pylon  
  33  4:41  Pylon  
  33  4:43  Stalker x3  
  39  4:57  Probe  
  39  4:58  Probe  
  41  5:07  Probe  
  41  5:09  Observer (Chrono Boost)  
  41  5:10  Probe  
  40  5:29  Stalker  
  40  5:31  Stalker  
  40  5:33  Stalker  
  34  5:46  Mothership Core  
  25  5:57  Stalker x2  
  28  6:07  Zealot  
Tags
 
Add a new tag
Caveats
  • Supply blocks, unpowered buildings, or Contaminate may cause inaccurate times.
  • Supply counts are checked every 10 seconds.